 Dungeon Crawl Stone Soup version 0.22.1-1-ga44c0e5 (webtiles) character file.

361 imbaray the Ruffian (level 6, 0/59 HPs)
             Began as a Troll Monk on Oct 12, 2018.
             Slain by an orc
             ... wielding a +0 trident
              (1 damage)
             ... on level 3 of the Dungeon.
             The game lasted 00:04:34 (2079 turns).

imbaray the Ruffian (Troll Monk)                    Turns: 2079, Time: 00:04:35

Health: 0/59       AC:  6    Str: 20    XL:     6   Next: 38%
Magic:  5/5        EV: 12    Int:  6    God:
Gold:   88         SH:  0    Dex: 14    Spells: 5/5 levels left

rFire    . . .     SeeInvis .     - Unarmed
rCold    . . .     Gourm    +   (no shield)
rNeg     . . .     Faith    .   a - +1 robe
rPois    .         Spirit   .   (helmet restricted)
rElec    .         Reflect  .   (no cloak)
rCorr    .         Harm     .   (gloves unavailable)
MR       .....                  (boots unavailable)
Stlth    ++........             (no amulet)
HPRegen  0.59/turn              (no ring)
MPRegen  0.09/turn              (no ring)

@: no status effects
A: large, unfitting armour, claws 3, fast metabolism 3, gourmand, regeneration
1, shaggy fur 1, tough skin 2
a: no special abilities


You were on level 3 of the Dungeon.
You were not hungry.

You visited 1 branch of the dungeon, and saw 3 of its levels.
You also visited: Sewer.

You collected 88 gold pieces.

Inventory:

Armour
 a - a +1 robe (worn)
Scrolls
 d - 4 scrolls of teleportation
Potions
 c - 2 potions of curing
 e - a potion of cancellation
Comestibles
 b - 5 rations


   Skills:
 - Level 2.4 Fighting
 + Level 4.5 Dodging
 - Level 1.0 Stealth
 + Level 5.5 Unarmed Combat


You had 5 spell levels left.
You didn't know any spells.
Your spell library was empty.

Dungeon Overview and Level Annotations

Branches:
Dungeon (3/15)

Altars:
Ru


Innate Abilities, Weirdness & Mutations

You are too large for most types of armour.
You have claws for hands.
Your metabolism is lightning-fast.
You like to eat raw meat.
Your natural rate of healing is unusually fast.
You are covered in fur. (AC +1)
You have very tough skin. (AC +2)


Message History

The orc is almost dead.
The orc hits you but does no damage. The orc closely misses you.
You barely miss the orc.
The orc is almost dead.
The orc hits you from afar with a trident!
* * * LOW HITPOINT WARNING * * *
The orc barely misses you.
You claw the orc!
You kill the orc!
The orc barely misses you. The orc hits you with a trident!
* * * LOW HITPOINT WARNING * * *
Things that are here:
a dagger; a robe; an orc corpse The orc hits you with a trident.
* * * LOW HITPOINT WARNING * * *
Things that are here:
a dagger; a robe You scratch the orc but do no damage.
The orc hits you with a trident.
You die...

#......#
#......#########
#......#........
####...'.[......
#####........
#........
#######........
#..o).......<..
#..)@...#######
#..)....#
#.......#
#.......#
#.......#
#########


You could see an orc.

Vanquished Creatures
  Sigmund (D:2)
  3 orc wizards
  5 adders
  4 worms
  A dart slug (D:1)
  4 orcs
  A ball python (Sewer)
  A giant cockroach (D:3)
  7 goblins
  6 hobgoblins
  12 jackals
  11 kobolds
  11 bats
  6 frilled lizards (Sewer)
  7 rats
  2 plants (Sewer)
82 creatures vanquished.

Notes
Turn   | Place    | Note
-------+----------+-------------------------------------------
     0 | D:1      | imbaray the Troll Monk began the quest for the Orb.
     0 | D:1      | Reached XP level 1. HP: 22/22 MP: 0/0
   109 | D:1      | Reached XP level 2. HP: 29/29 MP: 1/1
   608 | D:2      | Reached XP level 3. HP: 29/36 MP: 2/2
   658 | D:2      | Found a sacrificial altar of Ru.
   676 | D:2      | Reached skill level 4 in Unarmed Combat
   751 | D:2      | Noticed Sigmund
   755 | D:2      | Reached XP level 4. HP: 41/44 MP: 3/3
   762 | D:2      | Killed Sigmund
   762 | D:2      | Reached XP level 5. HP: 28/50 MP: 4/4
   766 | D:2      | Reached skill level 5 in Unarmed Combat
  1187 | D:3      | Found a glowing drain.
  1210 | Sewer    | Entered a sewer
  1271 | Sewer    | Reached XP level 6. HP: 58/59 MP: 5/5
  2063 | D:3      | HP: 1/59 [orc wizard/dagger (6)]
  2076 | D:3      | HP: 1/59 [orc/trident (10)]
  2079 | D:3      | Slain by an orc

Skill      XL: |  1  2  3  4  5 |
---------------+----------------+-----
Dodging        | 3 4 |  4.5
Unarmed Combat | 4 5 |  5.5
Fighting       | |  2.4
Stealth        | |  1.0

Action                   |  1- 3 |  4- 6 || total
-------------------------+-------+-------++-------
Melee: Unarmed           |    68 |   165 ||   233
       Punch             |       |     2 ||     2
  Use: Potion            |       |     7 ||     7
       Scroll            |       |     5 ||     5
 Stab: Sleeping          |     4 |     3 ||     7
       Paralysed         |     1 |       ||     1
  Eat: Chunk             |    12 |     9 ||    21
Armor: Robe              |    21 |    63 ||    84
Dodge: Dodged            |    24 |   112 ||   136
